 Seeded DCSS version 0.31-a0-237-g2d982f9f85 (webtiles) character file.

Game seed: 17534068631569876614 (custom seed)

25 innerfire43 the Trooper (level 2, 0/24 HPs)
             Began as a Demonspawn Monk on July 11, 2023.
             Slain by a kobold
             ... wielding a +0 short sword
              (3 damage)
             ... on level 1 of the Dungeon.
             The game lasted 00:00:48 (525 turns).

innerfire43 the Trooper (Demonspawn Monk)            Turns: 525, Time: 00:00:49

Health: 0/24       AC:  2    Str: 11    XL:     2   Next: 86%
Magic:  2/2        EV:  7    Int: 11    God:
Gold:   10         SH: 11    Dex: 15    Spells: 1/1 levels left

rFire   . . .        a - +0 hand axe
rCold   . . .        j - +0 tower shield
rNeg    . . .        b - +0 robe
rPois   .            (no helmet)
rElec   .            (no cloak)
rCorr   .            (no gloves)
SInv    +            (no boots)
Will    .....        (no amulet)
Stlth   +            f - ring of see invisible
HPRegen 0.24/turn    (no ring)
MPRegen 0.08/turn

%: no passive effects
@: no status effects
A: demonic magic 1
a: no special abilities


You were on level 1 of the Dungeon.
You visited 1 branch of the dungeon, and saw 1 of its levels.

You collected 10 gold pieces.

Inventory:

Hand Weapons
 a - a +0 hand axe (weapon)
Armour
 b - a +0 robe (worn)
 d - an orb of light
 j - a +0 tower shield (worn)
Jewellery
 f - a ring of see invisible (left hand)
Scrolls
 e - a scroll of amnesia {unknown}
 g - a scroll of identify {unknown}
 h - 2 scrolls of immolation {unknown}
Potions
 c - a potion of ambrosia
 i - a potion of haste {unknown}


   Skills:
 + Level 3.1 Fighting
 + Level 2.9(3.0) Axes
 * Level 1.0(2.1) Maces & Flails
 * Level 1.0 Armour
 + Level 2.8 Dodging


You had one spell level left.
You didn't know any spells.
Your spell library was empty.

Dungeon Overview and Level Annotations

Branches:
Dungeon (1/15)

Altars:


Innate Abilities, Weirdness & Mutations

Spells you cast may paralyse adjacent enemies.


Message History

The kobold hits you but does no damage.
The ball python bites you but does no damage.
The ball python constricts you.
You hit the ball python.
You kill the ball python!
You barely miss the kobold. You block the kobold's attack.
Unknown command.
The kobold hits you but does no damage.
A dart slug comes into view.
Unknown command.
You hit the kobold but do no damage. You block the kobold's attack.
The kobold hits you with a +0 short sword.
You block the kobold's attack.
Unknown command.
You hit the kobold.
The kobold is moderately wounded.
You barely miss the kobold. You block the kobold's attack.
The kobold hits you with a +0 short sword. x2
* * * LOW HITPOINT WARNING * * *
You block the kobold's attack.
Unknown command.
You slash the kobold!
You kill the kobold!
You hit the kobold but do no damage. The kobold barely misses you.
The dart slug launches a dart at you. The slug dart hits you.
* * * LOW HITPOINT WARNING * * *
You block the kobold's attack.
You closely miss the kobold.
The kobold is moderately wounded.
You block the kobold's attack.
You barely miss the kobold. The kobold closely misses you.
The kobold hits you with a +0 short sword.
* * * LOW HITPOINT WARNING * * *
You hit the kobold but do no damage. You block the kobold's attack.
The dart slug launches a dart at you. You block the slug dart.
The kobold hits you but does no damage.
You barely miss the kobold. You block the kobold's attack.
The kobold hits you with a +0 short sword.
You die...

#.# ...#
########.##.....#
....#.....#.....#
..........#..?..
..........#...
..........#.# ###
.......K....# ###..
....?.w@....# #....
............# #.##.
..$.........########.##.
..........#.†........##.
#.....#+#+###.#.####....
#..... +....†'.# #....
#..... #######.####....
...... #......##....
..... #+###+#.#..#....


You could see a dart slug and a kobold.

Vanquished Creatures
  An endoplasm (D:1)
  A giant cockroach (D:1)
  4 goblins (D:1)
  3 hobgoblins (D:1)
  4 kobolds (D:1)
  2 quokkas (D:1)
  A ball python (D:1)
  2 bats (D:1)
  3 frilled lizards (D:1)
  2 rats (D:1)
23 creatures vanquished.

Notes
Turn   | Place    | Note
-------+----------+-------------------------------------------
     0 | D:1      | innerfire43 the Demonspawn Monk began the quest for the
                  | Orb.
     0 | D:1      | Reached XP level 1. HP: 18/18 MP: 1/1
    81 | D:1      | Gained mutation: Spells you cast may paralyse adjacent
                  | enemies. [demonic ancestry]
    81 | D:1      | Reached XP level 2. HP: 19/24 MP: 2/2
   398 | D:1      | Reached skill level 1 in Armour
   467 | D:1      | Reached skill level 1 in Maces & Flails
   525 | D:1      | Slain by a kobold

Illustrated notes

Levels and vault maps discovered:
D:1:      shiori_arrival_maze, layout_rooms, minmay_misc_feat_diagonals,
          minmay_crystal_room

Skill      XL: |  1  2 |
---------------+-------+-----
Armour         | 1 |  1.0
Maces & Flails | 1 |  1.0
Fighting       | |  3.1
Axes           | |  2.9
Dodging        | |  2.8

Action                     || total
---------------------------++-------
  Melee: Hand axe          ||    91
   Stab: Sleeping          ||     1
 Armour: Robe              ||    25
  Dodge: Dodged            ||    39
  Block: Tower shield      ||    39

Table legend: (Time is in decaauts)
 A = Elapsed time spent in this place.
 B = Non-inter-level travel time spent in this place.
 C = Inter-level travel time spent in this place.
 D = Time resting spent in this place.
 E = Time spent auto-exploring this place.
 F = Levels seen in this place.
 G = Mean time per level.
                   A        B        C        D        E       F      G
               +--------+--------+--------+--------+--------+-----+--------+
         Total |    565 |    565 |      0 |      0 |    345 |   1 |  565.0 |
       Dungeon |    565 |    565 |      0 |      0 |    345 |   1 |  565.0 |
               +--------+--------+--------+--------+--------+-----+--------+

Top non-repeatable levels by time:
     D:1: 565 daAuts
